Map: Dusty Gorge

Players

llllllllllll

  • Race: Protoss Protoss
  • League: Master
  • Spawn Location: 11:00

MeNoobie

  • Race: Terran Terran
  • Spawn Location: 9:00

NEVERGIVEUP

  • Race: Protoss Protoss
  • League: Diamond
  • Spawn Location: 5:00

stevenson

  • Race: Zerg Zerg
  • Spawn Location: 3:00

VOD

Have the link to the VOD?

Description

Time

  • Played on: Nov. 25, 2019, 7:29 a.m.
  • Length: 6:27
Show
View Real Time Build Order
Export as new Build Order

llllllllllll Protoss 

Build Orders:  

Get SALT Encoding   

  12  0:01  Probe  
  13  0:13  Probe  
  14  0:22  Pylon  
  14  0:25  Probe  
  15  0:40  Probe (Chrono Boost)  
  16  0:42  Gateway  
  16  0:49  Probe (Chrono Boost)  
  17  0:52  Assimilator  
  17  0:54  Probe (Chrono Boost)  
  18  1:00  Assimilator  
  18  1:06  Probe (Chrono Boost)  
  19  1:14  Probe (Chrono Boost)  
  19  1:15  Gateway  
  20  1:20  Probe  
  21  1:33  Cybernetics Core  
  21  1:38  Pylon  
  21  1:48  Probe  
  22  2:02  Probe  
  23  2:17  Sentry x2  
  23  2:19  Nexus  
  27  2:24  Pylon  
  27  2:28  Warp Gate (Chrono Boost), Probe  
  28  2:32  Pylon  
  28  2:40  Probe  
  29  2:44  Stalker  
  29  2:50  Sentry  
  33  2:54  Probe  
  34  3:06  Probe  
  34  3:11  Robotics Facility  
  35  3:14  Forge  
  35  3:18  Probe  
  36  3:25  Shield Battery  
  36  3:30  Probe  
  37  3:36  Adept  
  37  3:39  Zealot  
  41  3:41  Probe  
  41  3:44  Probe  
  43  3:52  Protoss Ground Weapons Level 1  
  43  3:56  Twilight Council  
  43  4:03  Probe x2  
  43  4:04  Observer (Chrono Boost)  
  46  4:15  Stalker, Zealot  
  46  4:16  Probe  
  50  4:18  Probe  
  51  4:29  Observer  
  51  4:30  Probe x2  
  54  4:34  Gateway  
  54  4:36  Gateway  
  54  4:42  Probe x2  
  56  4:47  Charge (Chrono Boost)  
  56  4:54  Probe  
  57  5:02  Stalker  
  57  5:04  Zealot  
  53  5:26  Zealot x2  
  53  5:27  Immortal  
  49  5:29  Zealot  
  49  5:34  Gateway  
  51  5:36  Zealot  
  44  5:52  Zealot  
  44  5:53  Zealot x2  
  39  5:59  Zealot  
  38  6:17  Zealot x3  
Show
View Real Time Build Order
Export as new Build Order

MeNoobie Terran 

Build Orders: Gas First Reaper Expand 

Get SALT Encoding   

  12  0:00  SCV  
  13  0:12  SCV  
  14  0:18  Supply Depot  
  14  0:25  SCV  
  15  0:30  Refinery  
  15  0:39  SCV  
  16  0:46  Barracks  
  16  0:51  SCV  
  17  1:05  SCV  
  18  1:20  SCV  
  19  1:35  Reaper  
  19  1:36  Orbital Command  
  20  1:52  Command Center  
  20  2:02  Factory  
  20  2:06  SCV  
  21  2:13  Barracks Reactor  
  21  2:16  Supply Depot  
  21  2:30  SCV  
  21  2:32  Refinery  
  22  2:43  Bunker  
  22  2:51  Marine x2  
  22  2:54  Factory Tech Lab, SCV  
  25  3:06  SCV  
  26  3:18  Siege Tank, SCV  
  26  3:19  Marine x2  
  31  3:23  Orbital Command  
  31  3:30  SCV  
  32  3:39  Marine x2  
  34  3:42  SCV  
  34  3:47  Supply Depot  
  35  3:49  SCV  
  35  3:52  Cyclone  
  35  3:54  SCV  
  40  4:03  SCV  
  40  4:06  Supply Depot, SCV  
  40  4:09  Marine x2  
  44  4:15  SCV  
  45  4:18  SCV  
  46  4:25  Supply Depot  
  46  4:28  SCV  
  46  4:30  SCV  
  48  4:32  Marine  
  48  4:33  Marine  
  48  4:38  Command Center  
  50  4:39  Siege Tank  
  50  4:40  SCV  
  50  4:43  SCV  
  48  5:25  Marine x2  
  50  5:38  Supply Depot  
  50  5:42  Marine  
  50  5:43  SCV x2  
  50  5:45  Refinery  
  50  5:46  Marine  
  50  5:47  Refinery  
  54  5:55  SCV  
  55  6:00  Marine  
  56  6:04  Marine  
  46  6:18  Bunker  
  47  6:27  Starport  
Show
View Real Time Build Order
Export as new Build Order

NEVERGIVEUP Protoss 

Build Orders:  

Get SALT Encoding   

  12  0:01  Probe  
  13  0:13  Probe  
  14  0:19  Pylon  
  14  0:26  Probe  
  15  0:38  Gateway  
  15  0:40  Probe  
  16  0:48  Assimilator  
  16  0:52  Probe  
  17  1:01  Assimilator  
  17  1:04  Probe (Chrono Boost)  
  18  1:11  Pylon  
  18  1:16  Probe (Chrono Boost)  
  19  1:23  Probe (Chrono Boost)  
  20  1:30  Probe  
  20  1:32  Cybernetics Core  
  21  1:43  Probe  
  22  1:51  Gateway  
  22  1:53  Gateway  
  22  1:55  Probe  
  23  2:02  Pylon  
  23  2:14  Warp Gate (Chrono Boost), Sentry  
  24  2:30  Probe  
  25  2:40  Stalker x3  
  31  2:59  Gateway  
  31  3:00  Pylon  
  31  3:26  Stalker x3  
  37  3:32  Pylon  
  37  3:55  Pylon  
  37  4:09  Stalker x3  
  43  4:12  Stalker  
  45  4:37  Stalker  
  45  4:38  Stalker x2  
  43  5:04  Stalker x3  
  47  5:25  Stalker  
  47  5:32  Stalker x2  
  51  5:52  Stalker x2  
  49  6:17  Pylon  
  47  6:18  Stalker  
  47  6:19  Stalker x2  
Show
View Real Time Build Order
Export as new Build Order

stevenson Zerg 

Build Orders: Hatch First 

Get SALT Encoding   

  12  0:01  Drone  
  13  0:16  Overlord  
  13  0:25  Drone  
  14  0:36  Drone x2  
  14  0:40  Drone  
  17  0:50  Drone  
  18  1:05  Drone  
  18  1:07  Extractor  
  18  1:08  Hatchery  
  17  1:13  Drone  
  18  1:22  Spawning Pool  
  17  1:46  Drone x2, Overlord  
  19  2:15  Queen  
  19  2:16  Metabolic Boost  
  19  2:18  Zergling x4  
  19  2:20  Queen  
  25  2:34  Drone  
  26  2:37  Drone  
  27  2:45  Drone x2  
  27  2:51  Queen  
  29  2:57  Queen  
  33  3:01  Drone x2  
  35  3:07  Overlord  
  35  3:16  Drone  
  36  3:32  Drone x6  
  36  3:33  Drone x2  
  44  3:49  Extractor  
  43  4:03  Drone  
  43  4:07  Extractor x2, Zergling x4  
  44  4:10  Hatchery  
  44  4:14  Drone  
  44  4:18  Overlord x4  
  44  4:20  Overlord  
  44  4:34  Lair  
  44  4:41  Zergling x2  
  44  4:42  Zergling x12  
  51  5:04  Zergling x12  
  53  5:10  Zergling x6  
  54  5:23  Zergling x2  
  54  5:24  Zergling x2  
  53  5:44  Zergling x14  
  53  5:45  Zergling x6  
  63  5:54  Drone, Spire  
  63  6:02  Drone  
  63  6:03  Drone x3  
Tags
 
Add a new tag
Caveats
  • Supply blocks, unpowered buildings, or Contaminate may cause inaccurate times.
  • Supply counts are checked every 10 seconds.